 Dungeon Crawl Stone Soup version 0.24.0-125-gc4c63601f3 (webtiles) character file.

Game seed: 13479346291929092231, levelgen mode: deterministic

10164 Johnny the Impaler (level 11, -1/79 HPs)
             Began as a Demigod Gladiator on Feb 17, 2020.
             Slain by a wraith (9 damage)
             ... on level 13 of the Dungeon.
             The game lasted 00:13:59 (13725 turns).

Johnny the Impaler (Demigod Gladiator)             Turns: 13725, Time: 00:14:00

Health: -1/79      AC:  8    Str: 25 (26) XL:     11   Next: 11%
Magic:  14/14      EV: 18    Int: 17      God:
Gold:   308        SH:  0    Dex: 23 (24) Spells: 10/10 levels left

rFire    . . .     SeeInvis .   E - +0 spear (venom)
rCold    . . .     Gourm    .   (no shield)
rNeg     . . .     Faith    .   w - +5 ring mail "Foanus" {+Fly Str+3 Dex+2}
rPois    +         Spirit   .   c - +0 helmet
rElec    .         Reflect  .   q - +0 cloak
rCorr    .         Harm     +   (no gloves)
MR       ++...                  (no boots)
Stlth    ++........             C - amulet of harm
HPRegen  0.23/turn              r - ring of protection from magic
MPRegen  0.14/turn              B - ring of poison resistance

@: brilliant, agile, about to teleport, corroded, very slightly contaminated
A: high mp 1
a: Evoke Flight


You were on level 13 of the Dungeon.
You were very hungry.

You visited 1 branch of the dungeon, and saw 13 of its levels.

You collected 566 gold pieces.
You spent 258 gold pieces at shops.

Inventory:

Hand Weapons
 a - a +0 trident
 i - a +0 bardiche
 E - a +0 spear of venom (weapon)
Armour
 c - a +0 helmet (worn)
 k - a +3 leather armour of fire resistance
 o - a +0 ring mail of cold resistance
 q - a +0 cloak (worn)
 w - the +5 ring mail "Foanus" (worn) {+Fly Str+3 Dex+2}
   (You found it on level 5 of the Dungeon)

   It affects your strength (+3).
   It affects your dexterity (+2).
   It lets you fly.
Jewellery
 j - an uncursed ring of positive energy
 p - an uncursed ring of flight
 r - a ring of protection from magic (left hand)
 B - a ring of poison resistance (right hand)
 C - an amulet of harm (around neck)
Wands
 g - a wand of flame (9)
 h - a wand of random effects (6)
 z - a wand of digging (1)
Scrolls
 b - 2 scrolls of remove curse
 e - 7 scrolls of teleportation
 l - 4 scrolls of noise
 m - 3 scrolls of amnesia
 n - 4 scrolls of fog
 t - 5 scrolls of enchant armour
 u - 2 scrolls of enchant weapon
 y - 2 scrolls of immolation
 F - a scroll of acquirement {unknown}
Potions
 d - a potion of might
 s - 2 potions of degeneration
 x - 2 potions of flight
Comestibles
 f - 20 rations


   Skills:
 - Level 1.7 Fighting
 + Level 15.7 Polearms
 - Level 1.7 Throwing
 - Level 2.6 Dodging


You had 10 spell levels left.
You didn't know any spells.
Your spell library contained the following spells:

 Spells                   Type           Power        Failure   Level  Hunger
 Animate Skeleton         Necr           N/A          4%          1    ##.....
 Pain                     Necr           ##..         4%          1    ##.....
 Regeneration             Chrm/Necr      ##........   12%         3    ####...
 Vampiric Draining        Necr           ##........   12%         3    ####...
 Animate Dead             Necr           N/A          34%         4    #####..
 Summon Lightning Spire   Summ/Air       ##......     34%         4    #####..
 Silence                  Hex/Air        ##........   63%         5    ######.
 Conjure Ball Lightning   Conj/Air       ##........   98%         6    #######
 Deflect Missiles         Chrm/Air       ##........   98%         6    #######
 Haunt                    Necr/Summ      ##........   100%        7    #######
 Borgnjor's Revivificati  Necr           ##........   100%        8    #######
 Death's Door             Chrm/Necr      ##........   100%        8    #######
 Infestation              Necr           ##........   100%        8    #######
 Necromutation            Tmut/Necr      ##........   100%        8    #######
 Tornado                  Air            ##........   100%        9    #######


Dungeon Overview and Level Annotations

Branches:
Dungeon (13/15)            Temple (0/1) D:5             Orc (0/2) D:10
   Lair: D:8-11      Vaults: D:13-14

Shops:
D:5 ?   D:10 (

Portals:
Trove: D:10 (give +4 demon blade)

Annotations:
D:4 3 runed translucent doors, Curus's ghost, amateur MiBe


Innate Abilities, Weirdness & Mutations

You have an increased reservoir of magic. (+10% MP)


Message History

Aim: a jelly (moderately wounded)
The puff of flame hits the jelly!
The jelly is almost dead.
Evoke which item? (* to show all) (? for menu, Esc to quit)
Aiming: Throw Flame
Press: ? - help, Shift-Dir - straight line, f/p - jelly
Aim: a jelly (almost dead)
The puff of flame hits the jelly.
You kill the jelly!
A wraith comes into view.
It was a potion of brilliance.
You feel clever all of a sudden.
You feel agile all of a sudden.
Attack whom?
Press: ? - help, Dir - move target cursor, f - wraith
Aim: a wraith You reach to attack!
You hit the wraith but do no damage.
As you read the scroll of teleportation, it crumbles to dust.
You feel strangely unstable. The wraith hits you!
You die...

#################
....$.W@.$......#
................#
................#
................#
...........Z....#
................#
###########<....#
#.....# #.....#


You could see a wraith and a wolf spider zombie.

Vanquished Creatures
  Harold (D:8)
  2 two-headed ogres
  Pikel (D:7)
  2 ugly things
  A gargoyle (D:10)
  A troll (D:11)
  Grinder (D:4)
  Prince Ribbit (D:7)
  A shadow (D:11)
  Sigmund (D:4)
  2 wyverns
  Grum (D:9)
  A hungry ghost (D:9)
  Menkaure (D:7)
  Edmund (D:4)
  8 orc warriors
  A phantom (D:9)
  2 sky beasts
  A black bear (D:7)
  A necrophage (D:9)
  2 centaurs
  2 wolves (D:9)
  5 ogres
  3 big kobolds
  3 bullfrogs
  2 scorpions
  A water moccasin skeleton (D:9)
  5 killer bees (D:10)
  3 crimson imps
  2 howler monkeys (D:6)
  3 bullfrog zombies
  3 jellies
  Crazy Yiuf (D:3)
  7 hounds
  11 orc priests
  2 bullfrog skeletons
  15 orc wizards
  Terence (D:2)
  5 iguanas
  12 worker ants
  A howler monkey zombie (D:8)
  A worker ant zombie (D:5)
  A howler monkey skeleton (D:6)
  18 adders
  4 shadow imps
  An adder skeleton (D:5)
  2 worms
  3 dart slugs
  4 leopard geckos
  65 orcs
  A ball python (D:3)
  11 giant cockroaches
  7 goblins
  10 hobgoblins
  6 jackals
  A quokka (D:4)
  11 bats
  6 frilled lizards
  20 kobolds
  2 leopard gecko skeletons
  A quokka skeleton (D:6)
  3 rats
298 creatures vanquished.

Vanquished Creatures (others)
  An orc warrior (D:7)
  An adder (D:7)
  2 orcs (D:7)
4 creatures vanquished.

Grand Total: 302 creatures vanquished

Notes
Turn   | Place    | Note
-------+----------+-------------------------------------------
     0 | D:1      | Johnny the Demigod Gladiator began the quest for the Orb.
     0 | D:1      | Reached XP level 1. HP: 17/17 MP: 3/3
    50 | D:1      | Reached skill level 3 in Polearms
   140 | D:1      | Reached XP level 2. HP: 24/24 MP: 4/4
   361 | D:1      | Reached XP level 3. HP: 12/29 MP: 5/5
   621 | D:1      | Reached skill level 4 in Polearms
  1331 | D:2      | Reached XP level 4. HP: 27/36 MP: 6/6
  1546 | D:2      | Noticed Terence
  1565 | D:2      | Killed Terence
  1565 | D:2      | Reached skill level 5 in Polearms
  1862 | D:2      | Found an opulent altar of Gozag.
  2324 | D:3      | Reached XP level 5. HP: 29/41 MP: 7/7
  2727 | D:3      | Found a glowing golden altar of the Shining One.
  2813 | D:3      | Reached skill level 6 in Polearms
  2881 | D:3      | Found a runed translucent door.
  2882 | D:3      | Noticed Crazy Yiuf
  3077 | D:3      | Killed Crazy Yiuf
  3176 | D:4      | Reached XP level 6. HP: 25/48 MP: 8/8
  3472 | D:4      | Noticed Edmund
  3483 | D:4      | Killed Edmund
  3483 | D:4      | Reached skill level 7 in Polearms
  3526 | D:4      | Found a runed translucent gate.
  3527 | D:4      | Found a runed translucent gate.
  3528 | D:4      | Found a runed translucent gate.
  3586 | D:4      | Noticed Sigmund
  3596 | D:4      | Noticed Grinder
  3613 | D:4      | Killed Sigmund
  3613 | D:4      | Reached XP level 7. HP: 43/53 MP: 9/9
  3688 | D:5      | Entered Level 5 of the Dungeon
  3867 | D:4      | Killed Grinder
  3867 | D:4      | Reached skill level 8 in Polearms
  4389 | D:4      | Noticed Curus's ghost (amateur MiBe)
  4758 | D:4      | Reached skill level 9 in Polearms
  5321 | D:5      | Found a staircase to the Ecumenical Temple.
  5460 | D:5      | Reached XP level 8. HP: 60/60 MP: 10/10
  5477 | D:5      | Got a spiked ring mail
  5488 | D:5      | Identified the +5 ring mail "Foanus" {+Fly Str+3 Dex+2}
                  | (You found it on level 5 of the Dungeon)
  5630 | D:5      | Found Vemipem's Magic Scroll Shoppe.
  5644 | D:5      | Bought a scroll of identify for 24 gold pieces
  5644 | D:5      | Bought a scroll of identify for 24 gold pieces
  5644 | D:5      | Bought a scroll of identify for 24 gold pieces
  5644 | D:5      | Bought a scroll of identify for 24 gold pieces
  5644 | D:5      | Bought a scroll of enchant armour for 90 gold pieces
  5974 | D:6      | Reached skill level 10 in Polearms
  6575 | D:7      | Reached skill level 11 in Polearms
  6629 | D:7      | Noticed Prince Ribbit
  6651 | D:7      | Killed Prince Ribbit
  6979 | D:7      | Noticed Menkaure
  6984 | D:7      | Killed Menkaure
  6984 | D:7      | Reached XP level 9. HP: 38/67 MP: 11/11
  7132 | D:7      | Noticed Pikel
  7143 | D:7      | Killed Pikel
  7143 | D:7      | Reached skill level 12 in Polearms
  8634 | D:8      | Noticed Harold
  8648 | D:8      | Killed Harold
  8648 | D:8      | Reached skill level 13 in Polearms
  9671 | D:9      | Noticed a two-headed ogre
  9673 | D:9      | Noticed a cyan ugly thing
  9755 | D:9      | Reached XP level 10. HP: 67/73 MP: 13/13
  9761 | D:9      | Paralysed by fainting for 10 turns
 10241 | D:9      | Noticed Grum
 10264 | D:9      | Killed Grum
 10533 | D:9      | Reached skill level 14 in Polearms
 10564 | D:9      | Killed a cyan ugly thing
 10996 | D:9      | Found a roughly hewn altar of Beogh.
 11024 | D:9      | Killed a two-headed ogre
 11291 | D:10     | Entered Level 10 of the Dungeon
 11525 | D:10     | Found a staircase to the Orcish Mines.
 12004 | D:10     | Found a portal to a secret trove of treasure.
 12048 | D:10     | Reached skill level 15 in Polearms
 12274 | D:10     | Found Boigg's Weapon Shoppe.
 12284 | D:10     | Bought a +0 spear of venom for 72 gold pieces
 12857 | D:11     | Noticed a two-headed ogre
 12887 | D:11     | Killed a two-headed ogre
 12887 | D:11     | Reached XP level 11. HP: 50/79 MP: 14/14
 13725 | D:13     | Slain by a wraith

Levels and vault maps discovered:
D:1:      dpeg_arrival_solitude, layout_loops_ring
D:2:      layout_basic, nicolae_gozag_cash_rules_everything_around_me,
          uniq_terence
D:3:      layout_rooms, overflow_temple_1_default, uniq_crazy_yiuf_cottage
D:4:      layout_loops_ring, first_ration, gammafunk_ghost_icy, minmay_cut_off,
          uniq_edmund, uniq_grinder, uniq_sigmund
D:5:      layout_rooms, minmay_temple_entry_slanted, serial_shops, shop
D:6:      layout_gridville, minmay_bent
D:7:      layout_loops_ring, uniq_pikel, uniq_menkaure, uniq_prince_ribbit1
D:8:      layout_basic, uniq_harold
D:9:      layout_rooms, special_room [special_room_orc], uniq_grum
D:10:     layout_irregular_city, david_orc_2, nicolae_trove_entry_free_sample,
          serial_shops, nicolae_shop_crystal
D:11:     layout_loops_ring, david_lair_generic
D:12:     kennysheep_snake, layout_rooms
D:13:     layout_gridville, ximxim_vaults_locker_room, blue_anna_alchemist
          [blue_anna_fruit_fields, blue_anna_fruit_fields], uniq_rupert,
          uniq_josephine

Skill      XL: |  1  2  3  4  5  6  7  8  9 10 |
---------------+-------------------------------+-----
Polearms       | 3 4 5 6 7 9 11 13 15 | 15.7
Fighting       | |  1.7
Throwing       | |  1.7
Dodging        | |  2.6

Action                   |  1- 3 |  4- 6 |  7- 9 | 10-12 || total
-------------------------+-------+-------+-------+-------++-------
Melee: Trident           |   143 |   207 |   174 |   142 ||   666
       Bardiche          |       |       |   259 |   141 ||   400
       Spear             |       |       |       |   171 ||   171
Throw: Throwing net      |       |     3 |     3 |       ||     6
Evoke: Wand              |       |       |     8 |    14 ||    22
  Use: Potion            |       |     1 |     6 |     9 ||    16
       Scroll            |       |     5 |     7 |     7 ||    19
 Stab: Sleeping          |     1 |       |     1 |     1 ||     3
       Held in net/web   |       |     1 |     3 |       ||     4
       Paralysed         |       |       |       |    11 ||    11
  Eat: Chunk             |     2 |     6 |    18 |    11 ||    37
       Ration            |       |       |     1 |     1 ||     2
Armor: Leather armour    |    17 |     3 |    15 |       ||    35
       Scale mail        |    15 |    54 |       |       ||    69
       Ring mail         |       |       |   149 |   132 ||   281
       Skin              |       |       |    20 |       ||    20
Dodge: Dodged            |    93 |   105 |   281 |   165 ||   644
